 Dungeon Sprint DCSS version 0.29-a0-409-gd843f3a48c (webtiles) character file.

Game seed: 9149822117409000901

35987 mhtbhm the Shatterer (level 13, -10/228 (237) HPs)
             Began as a Troll Berserker on May 14, 2022.
             Was a High Priest of Trog.
             Killed from afar by a Tzitzimitl (24 damage)
             ... with a bolt of negative energy
             ... in the Dungeon (Sprint VII: "The Pits") on May 15, 2022.
             The game lasted 00:12:37 (3506 turns).

mhtbhm the Shatterer (Troll Berserker)              Turns: 3506, Time: 00:12:37

HP:   -10/228 (237) AC: 10    Str: 32    XL:     13   Next: 50%
MP:   12/12         EV: 14    Int:  3    God:    Trog [*****.]
Gold: 21            SH:  0    Dex:  9    Spells: 12/12 levels left

rFire   + . .      SeeInvis .   n - +8 giant spiked club (vorpal)
rCold   + . .      Faith    .   (shield currently unavailable)
rNeg    . . .      Spirit   .   b - +2 robe {rF+}
rPois   .          Reflect  .   (helmet restricted)
rElec   .          Harm     .   x - +0 cloak
rCorr   .          Rampage  .   (gloves unavailable)
Will    .....      NoTele   +   (boots unavailable)
Stlth   ..........              (no amulet)
HPRegen 1.28/turn               e - +3 ring of protection
MPRegen 0.13/turn               u - ring of protection from cold

@: berserking, glowing, lightly drained, very quick
A: large, unfitting armour, claws 3, regeneration 1, shaggy fur 1, tough skin 1
a: Renounce Religion, Berserk, Trog's Hand, Brothers in Arms


You were in the Dungeon.
You worshipped Trog.
Trog was extremely pleased with you.
You visited 1 branch You collected 21 gold pieces.

Inventory:

Hand Weapons
 a - a +8 vorpal giant club
 k - a +4 giant spiked club of flaming
 n - a +8 vorpal giant spiked club (weapon)
Missiles
 v - a throwing net (quivered)
Armour
 b - a +2 robe of fire resistance (worn)
 x - a +0 cloak (worn)
Jewellery
 e - a +3 ring of protection (left claw)
 h - a ring of protection from fire
 u - a ring of protection from cold (right claw)
 y - a ring of positive energy
 A - a ring of see invisible
 E - a ring of willpower
Wands
 d - a wand of flame (12)
 t - a wand of paralysis (6)
Scrolls
 j - a scroll of summoning
 p - 7 scrolls of identify
 r - 4 scrolls of enchant armour
 s - 2 scrolls of fear
Potions
 c - 2 potions of attraction
 f - 4 potions of magic
 g - 5 potions of berserk rage
 i - a potion of invisibility
 m - 2 potions of heal wounds
 o - 2 potions of mutation
 z - 3 potions of haste
 B - 2 potions of resistance
Miscellaneous
 w - a condenser vane (inert)
 C - a phial of floods
 D - a box of beasts


   Skills:
 + Level 17.8 Fighting
 + Level 21.4 Maces & Flails
 + Level 15.4 Dodging
 - Level 5.5 Stealth
 + Level 2.2 Evocations


You had 12 spell levels left.
You didn't know any spells.
Your spell library was empty.

Dungeon Overview and Level Annotations

Branches:
Dungeon (1/1)

Altars:
Gozag
Hepliaklqana
Sif Muna
Trog
Jiyva


Innate Abilities, Weirdness & Mutations

You are too large for most types of armour.
You have claws for hands.
Your natural rate of healing is unusually fast.
You are covered in fur. (AC +1)
You have tough skin. (AC +1)


Message History

The Tzitzimitl calls on the powers of darkness!
The angel convulses!
The ettin convulses!
The black draconian knight convulses!
Your body is wracked with pain!
The vampire mage is engulfed in blazing flames.
The ancient lich is engulfed in blazing flames.
The black draconian knight is engulfed in blazing flames.
The black draconian knight hits you with a +1 great sword of distortion!!
You skewer the black draconian knight like a kebab!!!
The black draconian knight is almost dead.
The angel is engulfed in blazing flames.
The ettin is engulfed in blazing flames.
The vampire mage is engulfed in blazing flames.
The ancient lich is engulfed in blazing flames.
The Tzitzimitl calls on the powers of darkness!
The angel convulses!
The ettin convulses!
The black draconian knight convulses!
Your body is wracked with pain!
* * * LOW HITPOINT WARNING * * *
The black draconian knight points at you and mumbles some strange words.
The shard of ice hits you!! You partially resist.
* * * LOW HITPOINT WARNING * * *
You crush the black draconian knight like a grape!!!
You feel the power of Trog in you as your rage grows.
You kill the black draconian knight!
Trog accepts your kill.
Trog appreciates your killing of a magic user.
The angel is engulfed in blazing flames.
Unknown command.
Really walk into that cloud of flame?
Okay, then.
Unknown command.
The ettin is engulfed in blazing flames.
You feel the power of Trog in you as your rage grows.
You kill the ettin!
Trog accepts your kill.
The Tzitzimitl is engulfed in blazing flames.
The Tzitzimitl gestures at you.
The bolt of negative energy hits the Hell Sentinel.
The Hell Sentinel completely resists.
The bolt of negative energy hits you!!
You feel drained.
You die... #+# ##§## §VL

1A§
#§#
#1#
#)#
#@#
#.#
#)#
#†#
#'#
#.#
#'#
#.#
#'#


You could see a Hell Sentinel, an ancient lich, a Tzitzimitl, an angel and a
vampire mage.

Vanquished Creatures
  2 Hell Sentinels (D)
  A pandemonium lord (D)
  A sphinx (D)
  A storm dragon (D)
  A draconian knight (D)
  An emperor scorpion (D)
  A ghost moth (D)
  A spriggan defender (D)
  A white draconian (D)
  An ettin (D)
  Josephine (D)
  A fire dragon (D)
  2 great orbs of eyes (D)
  A hydra (D)
  A two-headed ogre (D)
  A dancing weapon (D)
  A flayed ghost (D)
  A deep troll (D)
  A phantasmal warrior (D)
  Pikel (D)
  5 harpies (D)
  A deep elf zephyrmancer (D)
  A wolf spider (D)
  An orc sorcerer (D)
  An ugly thing (D)
  3 elephants (D)
  A cane toad (D)
  A smoke demon (D)
  A rime drake (D)
  An orange demon (D)
  A freezing wraith (D)
  2 ice devils (D)
  3 hornets (D)
  A polar bear (D)
  3 blink frogs (D)
  6 dream sheep (D)
  3 flying skulls (D)
  A shadow (D)
  An air elemental (D)
  A ynoxinul (D)
  A vampire (D)
  5 wraiths (D)
  2 water elementals (D)
  2 wyverns (D)
  A chaos spawn (D)
  A neqoxec (D)
  A redback (D)
  3 floating eyes (D)
  An ogre (D)
  3 wolves (D)
  3 lemures (D)
  A gnoll sergeant (D)
  A small abomination (D)
  A bullfrog (D)
  9 killer bees (D)
  2 jellies (D)
  A gnoll shaman (D)
  A hound (D)
  Ijyb (D)
  Jessica (D)
  An iguana (D)
  Terence (D)
  14 gnolls (D)
  A white imp (D)
  An ufetubus (D)
  An adder simulacrum (D)
  A goblin (D)
  2 jackals (D)
  3 quokkas (D)
  A ball python (D)
  A ball python simulacrum (D)
  A frilled lizard (D)
  A quokka zombie (D)
  A rat (D)
131 creatures vanquished.

Vanquished Creatures (collateral kills)
  A death cob (D)
  A mummy priest (D)
  A death knight (D)
  A two-headed ogre (D)
  Erica (D)
  2 deep elf knights (D)
  A shadow wraith (D)
  A bog body (D)
  A deep elf pyromancer (D)
  A manticore (D)
  A guardian mummy (D)
  A wandering mushroom (D)
  A large abomination (D)
  A swamp drake (D)
  A gnoll sergeant (D)
  A killer bee (D)
  A small abomination (D)
  A gnoll (D)
  A white imp (D)
20 creatures vanquished.

Vanquished Creatures (others)
  A dream sheep (D)
1 creature vanquished.

Grand Total: 152 creatures vanquished

Notes
Turn   | Place    | Note
-------+----------+-------------------------------------------
     0 | D        | mhtbhm the Troll Berserker began the quest for the Orb.
     0 | D        | Reached XP level 1. HP: 22/22 MP: 0/0
    15 | D        | Reached skill level 3 in Maces & Flails
   153 | D        | Noticed a floating eye
   155 | D        | Paralysed by a floating eye for 2 turns
   158 | D        | Paralysed by a floating eye for 2 turns
   161 | D        | Paralysed by a floating eye for 4 turns
   167 | D        | Killed a floating eye
   167 | D        | Reached ** piety under Trog
   168 | D        | Reached skill level 5 in Fighting
   168 | D        | Reached skill level 5 in Maces & Flails
   168 | D        | Reached XP level 2. HP: 35/35 MP: 1/1
   168 | D        | Reached XP level 3. HP: 42/42 MP: 2/2
   168 | D        | Reached XP level 4. HP: 50/50 MP: 3/3
   282 | D        | Noticed a floating eye
   291 | D        | Reached *** piety under Trog
   297 | D        | Killed a floating eye
   298 | D        | Reached skill level 7 in Maces & Flails
   298 | D        | Reached XP level 5. HP: 59/59 MP: 4/4
   342 | D        | Found a bloodstained altar of Trog.
   342 | D        | Found a shimmering blue altar of Sif Muna.
   342 | D        | Found a viscous altar of Jiyva.
   342 | D        | Found a hazy altar of Hepliaklqana.
   342 | D        | Found an opulent altar of Gozag.
   364 | D        | Noticed a lemure
   364 | D        | Noticed a lemure
   364 | D        | Noticed a flying skull
   365 | D        | Noticed Pikel
   376 | D        | Reached **** piety under Trog
   383 | D        | Noticed a lemure
   384 | D        | Killed a lemure
   389 | D        | Noticed a lemure
   412 | D        | Reached XP level 6. HP: 23/68 MP: 5/5
   437 | D        | Killed Pikel
   438 | D        | Reached skill level 9 in Maces & Flails
   438 | D        | Reached XP level 7. HP: 11/78 MP: 6/6
   448 | D        | Reached ***** piety under Trog
   474 | D        | Killed a flying skull
   475 | D        | Reached skill level 10 in Maces & Flails
   475 | D        | Reached XP level 8. HP: 17/88 MP: 7/7
   486 | D        | Received a gift from Trog
   626 | D        | Noticed an ice devil
   634 | D        | Killed an ice devil
   766 | D        | Noticed Ijyb
   778 | D        | Killed Ijyb
   778 | D        | Reached ****** piety under Trog
   788 | D        | Noticed a flayed ghost
   788 | D        | Noticed a rime drake
   911 | D        | Killed a flayed ghost
   912 | D        | Reached skill level 11 in Maces & Flails
   912 | D        | Reached skill level 5 in Stealth
   912 | D        | Reached XP level 9. HP: 89/97 MP: 8/8
   916 | D        | Received a gift from Trog
   924 | D        | Killed a rime drake
  1064 | D        | Noticed Jessica
  1066 | D        | Noticed a deep elf zephyrmancer
  1073 | D        | Killed a deep elf zephyrmancer
  1074 | D        | Reached skill level 12 in Maces & Flails
  1077 | D        | Killed Jessica
  1123 | D        | Noticed Josephine
  1123 | D        | Noticed an eight-headed hydra
  1127 | D        | Received a gift from Trog
  1129 | D        | Reached skill level 13 in Maces & Flails
  1135 | D        | Killed an eight-headed hydra
  1136 | D        | Reached skill level 10 in Fighting
  1136 | D        | Reached skill level 10 in Dodging
  1137 | D        | Reached XP level 10. HP: 105/110 MP: 9/9
  1144 | D        | Killed Josephine
  1145 | D        | Reached skill level 14 in Maces & Flails
  1150 | D        | Received a gift from Trog
  1282 | D        | Noticed a two-headed ogre
  1288 | D        | Killed a two-headed ogre
  1289 | D        | Reached skill level 15 in Maces & Flails
  1295 | D        | Received a gift from Trog
  1304 | D        | Paralysed by a hornet for 2 turns
  1307 | D        | Noticed a manticore
  1308 | D        | HP: 8/169 [poisoned by a hornet]
  1309 | D        | HP: 3/113 [poisoned by a hornet]
  1314 | D        | Killed a manticore
  1508 | D        | Received a gift from Trog
  1509 | D        | Reached skill level 16 in Maces & Flails
  1557 | D        | Noticed an elephant
  1564 | D        | Killed an elephant
  1565 | D        | Reached XP level 11. HP: 123/123 MP: 10/10
  1666 | D        | Received a gift from Trog
  1673 | D        | Noticed a great orb of eyes
  1684 | D        | Killed a great orb of eyes
  1689 | D        | Reached skill level 17 in Maces & Flails
  1715 | D        | Noticed a deep elf pyromancer
  1718 | D        | Noticed a death cob
  1723 | D        | Noticed Terence
  1725 | D        | Killed a death cob
  1727 | D        | Killed Terence
  1727 | D        | Received a gift from Trog
  1728 | D        | Noticed a two-headed ogre
  1736 | D        | Killed a deep elf pyromancer
  1738 | D        | Killed a two-headed ogre
  1740 | D        | Killed a shadow wraith
  1741 | D        | Reached skill level 18 in Maces & Flails
  1742 | D        | Received a gift from Trog
  2243 | D        | Noticed a harpy
  2244 | D        | Noticed a harpy
  2244 | D        | Noticed a harpy
  2244 | D        | Noticed a harpy
  2244 | D        | Noticed a harpy
  2251 | D        | Killed a harpy
  2252 | D        | Killed a harpy
  2254 | D        | Killed a harpy
  2256 | D        | Killed a harpy
  2259 | D        | Killed a harpy
  2259 | D        | Received a gift from Trog
  2264 | D        | Reached XP level 12. HP: 97/137 MP: 11/11
  2389 | D        | Reached skill level 19 in Maces & Flails
  2432 | D        | Noticed a great orb of eyes
  2440 | D        | Killed a ghost moth
  2444 | D        | Killed a great orb of eyes
  2745 | D        | Noticed a fire dragon
  2745 | D        | Noticed a spriggan defender
  2745 | D        | Noticed a sphinx
  2749 | D        | Identified the +2 giant club "Hearits" {vorpal, rElec
                  | Str+3} (Trog gifted it to you in the Dungeon)
  2749 | D        | Received a gift from Trog
  2754 | D        | Killed a fire dragon
  2756 | D        | Killed a sphinx
  2757 | D        | Killed a spriggan defender
  2758 | D        | Reached skill level 15 in Fighting
  2765 | D        | Reached skill level 20 in Maces & Flails
  2776 | D        | Received a gift from Trog
  2890 | D        | Noticed an emperor scorpion
  2900 | D        | Killed an emperor scorpion
  2906 | D        | Received a gift from Trog
  2910 | D        | Reached skill level 1 in Evocations
  2913 | D        | Noticed Erica
  2927 | D        | Received a gift from Trog
  2928 | D        | Killed Erica
  2929 | D        | Noticed a mummy priest
  2934 | D        | Reached XP level 13. HP: 37/153 MP: 12/12
  2934 | D        | Killed a mummy priest
  2942 | D        | Received a gift from Trog
  2978 | D        | Received a gift from Trog
  3131 | D        | Noticed Ocwogosi the pandemonium lord
  3141 | D        | Killed Ocwogosi the pandemonium lord
  3200 | D        | Noticed a storm dragon
  3202 | D        | Killed a storm dragon
  3203 | D        | Reached skill level 21 in Maces & Flails
  3203 | D        | Reached skill level 15 in Dodging
  3204 | D        | Noticed a Hell Sentinel
  3215 | D        | Killed a Hell Sentinel
  3398 | D        | Noticed a Hell Sentinel
  3404 | D        | Killed a Hell Sentinel
  3404 | D        | Received a gift from Trog
  3495 | D        | Noticed a white draconian
  3499 | D        | Killed a white draconian
  3501 | D        | Noticed an ancient lich
  3501 | D        | Noticed a Tzitzimitl
  3501 | D        | Noticed an ettin
  3501 | D        | Noticed a Hell Sentinel
  3501 | D        | Noticed an angel
  3501 | D        | Noticed a black draconian knight
  3505 | D        | Killed a black draconian knight
  3506 | D        | Killed an ettin
  3506 | D        | Killed from afar by a Tzitzimitl

Illustrated notes

Levels and vault maps discovered:
D:        pitsprint [storerooms_1, entrance_room_1, metal_vault_3, armoury_3,
          mini_pit_1, grid_room_1, main_hall_1, silver_pit, the_coven_1,
          the_vestibule_1, steel_vault_4, golden_pit, hallway_of_sentries,
          crystal_vault_3, iron_vault_2, final_vault]

Skill      XL: |  1  2  3  4  5  6  7  8  9 10 11 12 13 |
---------------+----------------------------------------+-----
Fighting       | 5 6 7 8 10 11 13 16 17 | 17.8
Maces & Flails | 5 7 9 10 11 13 16 18 20 21 | 21.4
Dodging        | 4 6 7 8 9 10 11 12 14 15 | 15.4
Stealth        | 3 5 |  5.5
Evocations     | 1 2 |  2.2

Action                   |  1- 3 |  4- 6 |  7- 9 | 10-12 | 13-15 || total
-------------------------+-------+-------+-------+-------+-------++-------
Melee: Mace              |    13 |    74 |    80 |       |       ||   167
       Punch             |       |     1 |     2 |       |       ||     3
       Giant club        |       |       |    18 |   176 |    42 ||   236
       Giant spiked club |       |       |       |       |     5 ||     5
Invok: Berserk           |       |     2 |     5 |     6 |     3 ||    16
       Brothers in Arms  |       |       |       |     6 |     3 ||     9
       Trog's Hand       |       |       |       |     1 |       ||     1
Evoke: Condenser vane    |       |       |       |     2 |     1 ||     3
       Wand              |       |       |       |     1 |       ||     1
  Use: Potion            |       |     7 |     7 |     8 |     3 ||    25
       Scroll            |       |       |       |     2 |     5 ||     7
 Stab: Invisible         |       |    10 |       |       |       ||    10
       Sleeping          |       |       |     1 |       |     4 ||     5
Armor: Animal skin       |     3 |    10 |    16 |    50 |     2 ||    81
       Robe              |       |       |       |       |     2 ||     2
Dodge: Dodged            |     9 |    44 |    50 |   112 |    24 ||   239

Table legend: (Time is in decaauts)
 A = Elapsed time spent in this place.
 B = Non-inter-level travel time spent in this place.
 C = Inter-level travel time spent in this place.
 D = Time resting spent in this place.
 E = Time spent auto-exploring this place.
 F = Levels seen in this place.
 G = Mean time per level.
                   A        B        C        D        E       F      G
               +--------+--------+--------+--------+--------+-----+--------+
         Total |   3582 |   3582 |      0 |   2052 |     22 |   1 | 3582.0 |
       Dungeon |   3582 |   3582 |      0 |   2052 |     22 |   1 | 3582.0 |
               +--------+--------+--------+--------+--------+-----+--------+

Top non-repeatable levels by time:
       D: 3582 daAuts
